 Dungeon Crawl Stone Soup version 0.30-a0-137-gd8773701ce (webtiles) character file.

Game seed: 1741224398257835230

9378 Bnni the Carver (level 11, -10/86 HPs)
             Began as a Demonspawn Gladiator on Sept 23, 2022.
             Was a Priest of Dithmenos.
             Mangled by a two-headed ogre
             ... wielding a +0 giant spiked club
              (33 damage)
             ... on level 1 of the Lair of Beasts.
             The game lasted 00:21:59 (10189 turns).

Bnni the Carver (Demonspawn Gladiator)             Turns: 10189, Time: 00:22:00

Health: -10/86     AC: 11    Str: 14    XL:     11   Next: 22%
Magic:  11/11      EV: 17    Int: 11    God:    Dithmenos [***...]
Gold:   563        SH:  9    Dex: 18    Spells: 10/10 levels left

rFire   + . .      SeeInvis .    k - +0 double sword (vorpal)
rCold   . . .      Faith    .    i - +0 buckler
rNeg    . . .      Spirit   .    A - +2 ring mail {rF+}
rPois   +          Reflect  .    c - +0 helmet
rElec   .          Harm     .    K - +1 cloak
rCorr   .          Rampage  .    j - +0 pair of gloves
Will    .....                    (no boots)
Stlth   +.........               E - amulet of magic regeneration
HPRegen 0.24/turn                a - ring of poison resistance
MPRegen 0.52/turn                (no ring)

@: hasted, wreathed by umbra, repel missiles, very quick
A: repulsion field 3, foul stench 1, condensation shield
a: Renounce Religion, Shadow Step


You were on level 1 of the Lair of Beasts.
You worshipped Dithmenos.
Dithmenos was most pleased with you.
You visited 3 branches of the dungeon, and saw 12 of its levels.

You collected 563 gold pieces.

Inventory:

Hand Weapons
 e - a +0 scimitar of flaming
 k - a +0 vorpal double sword (weapon)
 y - the +4 dagger "Morg" {pain, Will+ Int+5}
   (You found it on level 6 of the Dungeon)

   In the hands of one skilled in necromantic magic, it inflicts extra damage on
   living creatures.
   Int:       It affects your intelligence (+5).
   Will:      It increases your willpower.
 H - a +1 arbalest of flaming
Missiles
 h - a javelin (quivered)
 B - 11 poisoned darts
 F - 3 boomerangs of dispersal
Armour
 c - a +0 helmet (worn)
 i - a +0 buckler (worn)
 j - a +0 pair of gloves (worn)
 v - a +3 leather armour of cold resistance
 A - a +2 ring mail of fire resistance (worn)
 K - a +1 cloak (worn)
Jewellery
 a - a ring of poison resistance (left hand)
 E - an amulet of magic regeneration (around neck)
Wands
 g - a wand of light (4)
 l - a wand of mindburst (7)
 C - a wand of roots (13)
 D - a wand of paralysis (13)
 I - a wand of digging (3)
Scrolls
 b - 2 scrolls of vulnerability
 n - a scroll of teleportation
 t - a scroll of butterflies
 x - a scroll of poison
 J - a scroll of amnesia
Potions
 f - 3 potions of berserk rage
 m - a potion of lignification
 o - a potion of curing
 p - 3 potions of haste
 q - a potion of magic
 z - 2 potions of attraction


   Skills:
 + Level 8.0 Fighting
 * Level 13.9 Long Blades
 - Level 1.7 Throwing
 - Level 6.0 Dodging
 - Level 3.0 Shields


You had 10 spell levels left.
You didn't know any spells.
Your spell library contained the following spells:

 Spells                   Type           Power      Damage    Failure   Level
 Apportation              Tloc           0%         N/A       69%         1
 Necrotise                Necr           0%         1d4       69%         1
 Summon Small Mammal      Summ           0%         N/A       69%         1
 Call Canine Familiar     Summ           0%         N/A       96%         3
 Ignite Poison            Fire/Tmut/Pois 0%         N/A       96%         3
 Mephitic Cloud           Conj/Pois/Air  0%         N/A       96%         3
 Portal Projectile        Hex/Tloc       0%         N/A       96%         3
 Animate Dead             Necr           0%         N/A       100%        4
 Leda's Liquefaction      Hex/Erth       0%         N/A       100%        4
 Summon Lightning Spire   Summ/Air       0%         N/A       100%        4
 Borgnjor's Vile Clutch   Necr/Erth      0%         N/A       100%        5
 Freezing Cloud           Conj/Ice/Air   0%         6-21      100%        5
 Death Channel            Necr           0%         N/A       100%        6
 Storm Form               Tmut/Air       0%         N/A       100%        7
 Maxwell's Capacitive Co  Air            0%         ∞         100%        8


Dungeon Overview and Level Annotations

Branches:
Dungeon (10/15)            Temple (1/1) D:7            Lair (1/5) D:10
    Orc: D:9-12

Altars:
Ashenzari
Cheibriados
Dithmenos
Fedhas
Gozag
Hepliaklqana
Kikubaaqudgha
Makhleb
Nemelex Xobeh
Okawaru
Qazlal
Sif Muna
Trog
Uskayaw
Vehumet
Wu Jian
Xom
Lugonu

Shops:
D:10 (*

Portals:
Abyss: D:8

Annotations:
D:8 2 runed translucent doors


Innate Abilities, Weirdness & Mutations

You are surrounded by a strong repulsion field. (EV +4, RMsl)
You may rarely emit foul miasma when damaged in melee.
A meltable shield of frost defends you. (SH +4)


Message History

You hit the yak but do no damage. The gnoll misses you.
The yak closely misses you. x2; You block the gnoll's attack.
You hit the yak but do no damage. The two-headed ogre misses you.
You block the two-headed ogre's attack.
Unknown command.
You slash the yak!
The yak is moderately wounded.
You block the gnoll's attack. The yak gores you but does no damage.
The gnoll misses you. You block the yak's attack.
You hit the yak but do no damage.
The yak is moderately wounded.
The gnoll closely misses you. The gnoll completely misses you.
The yak gores you but does no damage. The yak misses you.
The two-headed ogre hits you with a +0 giant spiked club!!
The two-headed ogre completely misses you.
You slice the yak!!
The yak is almost dead.
You block the yak's attack. You block the gnoll's attack. The yak misses you.
The gnoll misses you.
You barely miss the yak.
The yak is almost dead.
You block the two-headed ogre's attack.
The two-headed ogre hits you with a +0 giant spiked club!
The gnoll barely misses you. You block the yak's attack. The yak gores you!
* * * LOW HITPOINT WARNING * * *
The gnoll hits you but does no damage.
You hit the yak but do no damage.
The yak is almost dead.
You block the gnoll's attack. You block the yak's attack.
The yak completely misses you. The gnoll barely misses you.
The two-headed ogre hits you with a +0 giant spiked club!
* * * LOW HITPOINT WARNING * * *
The two-headed ogre barely misses you.
Okay, then.
You feel yourself speed up. You block the gnoll's attack.
The yak barely misses you. The gnoll completely misses you.
You block the yak's attack.
You feel better.
The two-headed ogre hits you with a +0 giant spiked club!!
You die...

.# #...# # .. #.#.##
.. #. #..[.### ...
#. ##..#... . ...#.
#.....# ...
...####....#
#..##gO##....#
#...Y@gY.....#
##..#PY#............
#. #####.########.#
# #.# #.# #.# #.#
#..


You could see a two-headed ogre, 3 yaks and 2 gnolls.

Vanquished Creatures
  Erica (D:9)
  A two-headed ogre (D:9)
  2 death yaks (D:10)
  A manticore (D:9)
  Maurice (D:9)
  A polar bear (Lair:1)
  2 wraiths
  A wyvern (D:9)
  14 yaks
  Eustachio (D:4)
  3 steam dragons
  A water moccasin (D:6)
  5 ice beasts
  2 orc warriors
  A black bear (D:8)
  3 centaurs
  A phantom (D:6)
  A kobold brigand (D:7)
  A necrophage (D:7)
  A gnoll sergeant (D:9)
  2 scorpions (D:6)
  2 bullfrogs
  5 wights (D:9)
  5 killer bees (D:9)
  3 howler monkeys
  An electric eel (D:9)
  A jelly (D:4)
  5 hounds (D:6)
  8 orc priests
  Crazy Yiuf (D:3)
  2 iguanas
  6 orc wizards
  14 gnolls
  3 adders
  A shadow imp (D:7)
  2 worms
  A dart slug (D:3)
  19 orcs
  10 ball pythons
  3 endoplasms
  4 giant cockroaches
  8 hobgoblins
  2 jackals (D:3)
  A quokka (D:4)
  8 bats
  3 frilled lizards
  10 goblins
  15 kobolds
  2 rats
191 creatures vanquished.

Vanquished Creatures (others)
  A gnoll bouda (D:9)
  A gnoll (D:9)
  An orc (D:8)
3 creatures vanquished.

Grand Total: 194 creatures vanquished

Notes
Turn   | Place    | Note
-------+----------+-------------------------------------------
     0 | D:1      | Bnni the Demonspawn Gladiator began the quest for the Orb.
     0 | D:1      | Reached XP level 1. HP: 16/16 MP: 1/1
   336 | D:1      | Found a faded altar of an unknown god.
   474 | D:1      | Reached skill level 3 in Long Blades
   585 | D:1      | Gained mutation: You are surrounded by a mild repulsion
                  | field. (EV +2) [demonic ancestry]
   585 | D:1      | Reached XP level 2. HP: 20/22 MP: 2/2
  1237 | D:2      | Reached XP level 3. HP: 28/28 MP: 3/3
  1958 | D:2      | Reached skill level 10 in Long Blades
  1958 | D:2      | Reached XP level 4. HP: 34/34 MP: 4/4
  2126 | D:3      | Identified a scroll of acquirement
  2241 | D:2      | Acquired a +0 vorpal double sword
  2336 | D:3      | Gained mutation: You may rarely emit foul miasma when
                  | damaged in melee. [demonic ancestry]
  2336 | D:3      | Reached XP level 5. HP: 40/40 MP: 5/5
  2537 | D:3      | Found a runed translucent door.
  2538 | D:3      | Noticed Crazy Yiuf
  2542 | D:3      | Killed Crazy Yiuf
  2604 | D:3      | Found a stormy altar of Qazlal.
  2702 | D:4      | Found a shadowy altar of Dithmenos.
  2816 | D:4      | Became a worshipper of Dithmenos the Shadowed
  3183 | D:4      | Noticed Eustachio
  3192 | D:4      | Killed Eustachio
  3193 | D:4      | Gained mutation: You are surrounded by a moderate repulsion
                  | field. (EV +3) [demonic ancestry]
  3193 | D:4      | Reached XP level 6. HP: 40/47 MP: 6/6
  3862 | D:5      | Entered Level 5 of the Dungeon
  4102 | D:5      | Noticed an ice beast
  4109 | D:5      | Killed an ice beast
  4110 | D:5      | Reached XP level 7. HP: 41/52 MP: 7/7
  4523 | D:5      | Identified the +1 leather armour of the Nurturing Gods
                  | {+Blink}
  4805 | D:6      | Found the +4 dagger "Morg" {pain, Will+ Int+5}
  4847 | D:6      | Found a radiant altar of Vehumet.
  4909 | D:6      | Reached skill level 11 in Long Blades
  4930 | D:6      | Reached XP level 8. HP: 40/60 MP: 8/8
  5182 | D:6      | Found a burning altar of Makhleb.
  5230 | D:6      | Reached * piety under Dithmenos
  5551 | D:7      | Found an iron altar of Okawaru.
  5638 | D:7      | Reached skill level 5 in Fighting
  5777 | D:7      | Found a staircase to the Ecumenical Temple.
  5795 | Temple   | Entered the Ecumenical Temple
  6130 | D:7      | Found a bloodstained altar of Trog.
  6130 | D:7      | Found a hide-covered altar of Uskayaw.
  6410 | D:8      | Reached ** piety under Dithmenos
  6411 | D:8      | Gained mutation: A meltable shield of frost defends you.
                  | (SH +4) [demonic ancestry]
  6411 | D:8      | Reached XP level 9. HP: 68/68 MP: 9/9
  6427 | D:8      | Reached skill level 5 in Dodging
  6427 | D:8      | Found a shimmering altar of Xom.
  6427 | D:8      | Noticed an angel
  6434 | D:8      | Found a one-way gate to the infinite horrors of the Abyss.
  6434 | D:8      | Identified the +11 dagger "Dyud" {distort, rN+ Will++ Int+3
                  | Dex+4}
  6434 | D:8      | Identified the +2 robe of the Sneaky Queens {rElec Dex+5}
  6434 | D:8      | Noticed a kobold demonologist
  6434 | D:8      | Noticed a purple ugly thing
  6489 | D:8      | Reached skill level 12 in Long Blades
  6655 | D:8      | Found a large runed translucent door.
  6663 | D:8      | Found a large runed translucent door.
  6663 | D:8      | Found a corrupted altar of Lugonu.
  6663 | D:8      | Noticed a brown ugly thing
  6948 | D:9      | Noticed a manticore
  6961 | D:9      | Killed a manticore
  7741 | D:9      | Gained mutation: You are surrounded by a strong repulsion
                  | field. (EV +4, RMsl) [demonic ancestry]
  7741 | D:9      | Reached XP level 10. HP: 48/76 MP: 10/10
  8048 | D:9      | Reached skill level 1 in Shields
  8054 | D:9      | Reached *** piety under Dithmenos
  8234 | D:9      | Noticed a two-headed ogre
  8355 | D:9      | Noticed a two-headed ogre
  8364 | D:9      | Killed a two-headed ogre
  8444 | D:9      | Found a shimmering blue altar of Sif Muna.
  8514 | D:9      | Reached skill level 13 in Long Blades
  8688 | D:9      | Noticed Maurice
  8720 | D:9      | Killed Maurice
  9065 | D:9      | Noticed Erica
  9081 | D:9      | Killed Erica
  9575 | D:10     | Entered Level 10 of the Dungeon
  9585 | D:10     | Found an opulent altar of Gozag.
  9764 | D:10     | Found Sokiwkej's Weapon Shoppe.
  9793 | D:10     | Found Eqiemou's General Store.
  9810 | D:10     | Reached XP level 11. HP: 71/84 MP: 11/11
  9868 | D:10     | Noticed a death yak
  9879 | D:10     | Killed a death yak
  9887 | D:10     | Noticed a death yak
  9888 | D:10     | Noticed a death yak
  9898 | D:10     | Noticed a two-headed ogre
  9903 | D:10     | Killed a death yak
  9912 | D:10     | Found a staircase to the Lair.
  9915 | Lair:1   | Entered Level 1 of the Lair of Beasts
 10189 | Lair:1   | Mangled by a two-headed ogre

Illustrated notes

Levels and vault maps discovered:
D:1:      amcnicky_arrival_double_pillar, layout_rooms,
          hellmonk_ecumenical_altar_prayer_group
D:2:      minmay_general_purpose_star, layout_basic
D:3:      layout_rooms, lemuel_round_altar, uniq_crazy_yiuf_cottage
D:4:      layout_basic, grunt_dithmenos_smoke, nicolae_eternal_life,
          uniq_eustachio
D:5:      layout_loops_corners
D:6:      layout_rooms, vehumet_crystals, marbit_many_paths, grunt_ministairs_2,
          skrybe_limestone_x
D:7:      layout_basic, kennysheep_okawaru_gauntlet,
          gammafunk_temple_overflow_wave, minmay_temple_entry_sparse_star
D:8:      due_chaos_kobolds, layout_rooms,
          grunt_temple_overflow_order_and_chaos_1
D:9:      cheibrodos_helix_gallery, layout_small_grid,
          mainiacjoe_overflow_large_starburst, uniq_maurice, uniq_erica
D:10:     layout_basic, nicolae_gozag_seed_capital, yredelemnul_altar_generic,
          nicolae_ru_sacrificial_ziggurat, dpeg_lair_monsters, serial_shops,
          shop, nicolae_shop_stone
Temple:   hellmonk_temple_of_storms
Lair:1:   layout_loops_ring, nzn_masters_of_martial_movement, lemuel_fruit_tree

Skill      XL: |  1  2  3  4  5  6  7  8  9 10 11 |
---------------+----------------------------------+-----
Long Blades    | 3 10 11 12 13 | 13.9
Fighting       | 3 4 5 6 7 8 |  8.0
Dodging        | 3 4 5 6 |  6.0
Shields        | 3 |  3.0
Throwing       | |  1.7

Action                   |  1- 3 |  4- 6 |  7- 9 | 10-12 || total
-------------------------+-------+-------+-------+-------++-------
Melee: Long sword        |   149 |    16 |       |       ||   165
       Punch             |     1 |     1 |     2 |       ||     4
       Double sword      |       |    72 |   199 |   198 ||   469
Throw: Throwing net      |       |     3 |     2 |     4 ||     9
       Dart              |       |       |    11 |    14 ||    25
       Javelin           |       |       |       |     1 ||     1
Evoke: Wand              |       |       |       |     2 ||     2
  Use: Scroll            |     5 |     4 |     1 |    11 ||    21
       Potion            |     1 |       |     5 |     5 ||    11
 Stab: Invisible         |       |       |     2 |     6 ||     8
       Held in net/web   |       |       |     1 |     1 ||     2
Armor: Leather armour    |    12 |     2 |    15 |       ||    29
       Chain mail        |    98 |    58 |       |       ||   156
       Ring mail         |       |       |    46 |    29 ||    75
Dodge: Dodged            |    98 |    41 |   187 |   128 ||   454
       Repelled          |       |       |     3 |     1 ||     4
Block: Other             |       |       |    14 |     3 ||    17
       Buckler           |       |       |       |    69 ||    69

Table legend: (Time is in decaauts)
 A = Elapsed time spent in this place.
 B = Non-inter-level travel time spent in this place.
 C = Inter-level travel time spent in this place.
 D = Time resting spent in this place.
 E = Time spent auto-exploring this place.
 F = Levels seen in this place.
 G = Mean time per level.
                   A        B        C        D        E       F      G
               +--------+--------+--------+--------+--------+-----+--------+
         Total |  10182 |   9944 |    238 |   2109 |   6170 |  12 |  848.5 |
       Dungeon |   9869 |   9637 |    232 |   1876 |   6141 |  10 |  986.9 |
        Temple |     42 |     36 |      6 |      0 |     29 |   1 |   42.0 |
          Lair |    270 |    270 |      0 |    233 |      0 |   1 |  270.0 |
               +--------+--------+--------+--------+--------+-----+--------+

Top non-repeatable levels by time:
     D:9: 2648 daAuts
     D:2: 1136 daAuts
     D:1: 1118 daAuts
     D:7: 983 daAuts
     D:4: 941 daAuts
     D:5: 902 daAuts
     D:3: 697 daAuts
     D:6: 604 daAuts
     D:8: 502 daAuts
    D:10: 333 daAuts
  Lair:1: 270 daAuts
  Temple: 42 daAuts
